 Dungeon Crawl Stone Soup version 0.23-a0-163-g800ba1ec23 (webtiles) character file.

149 Ablot the Charmwright (level 5, -3/43 HPs)
             Began as a Gnoll Skald on Sept 9, 2018.
             Slain by an orc (4 damage)
             ... on level 3 of the Dungeon.
             The game lasted 00:03:25 (1781 turns).

Ablot the Charmwright (Gnoll Skald)                 Turns: 1781, Time: 00:03:26

Health: -3/43      AC:  3    Str: 15    XL:     5   Next: 31%
Magic:  7/12       EV: 14    Int: 15    God:
Gold:   110        SH:  0    Dex: 14    Spells: 3/14 levels left

rFire    . . .     SeeInvis .   a - +0 spear
rCold    . . .     Gourm    .   (no shield)
rNeg     . . .     Faith    .   b - +0 leather armour
rPois    .         Spirit   .   (no helmet)
rElec    .         Reflect  .   (no cloak)
rCorr    .         Harm     .   (no gloves)
MR       .....                  (no boots)
Stlth    ++........             k - amulet of magic regeneration
HPRegen  0.14/turn              (no ring)
MPRegen  0.38/turn              (no ring)

@: infused
A: distributed training, fangs 1, strong nose
a: no special abilities


You were on level 3 of the Dungeon.
You were not hungry.

You visited 1 branch of the dungeon, and saw 3 of its levels.

You collected 110 gold pieces.

Inventory:

Hand Weapons
 a - a +0 spear (weapon)
Missiles
 e - 54 arrows
 m - 93 stones (quivered)
 u - 20 bolts
Armour
 b - a +0 leather armour (worn)
Jewellery
 k - an amulet of magic regeneration (around neck)
 n - an uncursed amulet of guardian spirit {unknown}
Scrolls
 c - a scroll of amnesia {unknown}
 g - a scroll of enchant weapon {unknown}
 h - a scroll of immolation {unknown}
 i - 4 scrolls of identify {unknown}
 p - 2 scrolls of fear {unknown}
 r - a scroll of blinking {unknown}
 s - a scroll of magic mapping {unknown}
 t - a scroll of noise {unknown}
Potions
 j - 3 potions of curing {unknown}
 l - a potion of lignification {unknown}
 o - 2 potions of haste {unknown}
 q - a potion of might {unknown}
Comestibles
 d - 6 rations
 f - 4 chunks of flesh


   Skills:
 + Level 4.7 Fighting
 + Level 1.4 Short Blades
 + Level 1.4 Long Blades
 + Level 1.4 Axes
 + Level 1.4 Maces & Flails
 + Level 4.7 Polearms
 + Level 1.4 Staves
 + Level 1.4 Slings
 + Level 1.4 Bows
 + Level 1.4 Crossbows
 + Level 1.4 Throwing
 + Level 2.9 Armour
 + Level 4.7 Dodging
 + Level 1.4 Stealth
 + Level 1.4 Shields
 + Level 1.4 Unarmed Combat
 + Level 5.2 Spellcasting
 + Level 1.1 Conjurations
 + Level 1.1 Hexes
 + Level 5.5 Charms
 + Level 1.1 Summonings
 + Level 1.1 Necromancy
 + Level 1.1 Translocations
 + Level 1.1 Transmutations
 + Level 1.1 Fire Magic
 + Level 1.1 Ice Magic
 + Level 1.1 Air Magic
 + Level 1.1 Earth Magic
 + Level 1.1 Poison Magic
 + Level 1.6 Invocations
 + Level 1.4 Evocations


You had 3 spell levels left.
You knew the following spells:

 Your Spells              Type           Power        Failure   Level  Hunger
a - Infusion              Chrm           ###.         1%          1    None
b - Song of Slaying       Chrm           ###.....     3%          2    ##.....
c - Shroud of Golubria    Chrm/Tloc      ##........   8%          2    ##.....
d - Regeneration          Chrm/Necr      ##........   16%         3    ###....
e - Spectral Weapon       Hex/Chrm       ##......     16%         3    ###....

Your spell library contained the following spells:

 Spells                   Type           Power        Failure   Level  Hunger


Dungeon Overview and Level Annotations

Branches:
Dungeon (3/15)

Altars:
Dithmenos
Elyvilon
Ru
Sif Muna
Vehumet
Wu Jian
Zin


Innate Abilities, Weirdness & Mutations

Your experience applies equally to all skills.
You have very sharp teeth.
Your uncanny sense of smell can sniff out nearby items.


Message History

Aim: an orc priest, wielding a short sword (almost dead)
The orc is in the way.
You closely miss the orc.
The orc is heavily wounded.
Your spectral weapon closely misses the orc.
The orc hits you.
* * * LOW HITPOINT WARNING * * *
Attack whom?
Press: ? - help, Dir - move target cursor, f/p - orc priest
Aim: an orc priest, wielding a short sword (almost dead)
The orc is in the way.
You barely miss the orc.
The orc is heavily wounded.
Your spectral weapon hits the orc from afar.
You kill the orc!
Attack whom?
Press: ? - help, Dir - move target cursor, f/p - orc priest
Aim: an orc priest, wielding a short sword (almost dead)
You reach to attack!
You hit the orc priest.
You kill the orc priest!
The orc hits you.
You die...

#.......#
##......#
#.......#
#......#
#.......#
##.#####
#.......#
#.#
#########
#.# #.#
#.# #(#
#@# #o#


lo) ∆ ..... #....## #....###∆ #....###. ∆+.....#... You could see 2 orcs, a
leopard gecko and a friendly spectral spear.

Vanquished Creatures
  An orc priest (D:3)
  Terence (D:2)
  An iguana (D:3)
  An adder (D:2)
  An ooze (D:3)
  A worm (D:2)
  3 dart slugs
  2 leopard geckos (D:3)
  2 orcs (D:3)
  4 goblins
  3 hobgoblins
  4 jackals (D:3)
  5 bats
  7 frilled lizards
  5 kobolds
  6 rats
47 creatures vanquished.

Vanquished Creatures (others)
  A quokka (D:2)
1 creature vanquished.

Grand Total: 48 creatures vanquished

Notes
Turn   | Place    | Note
-------+----------+-------------------------------------------
     0 | D:1      | Ablot the Gnoll Skald began the quest for the Orb.
     0 | D:1      | Reached XP level 1. HP: 20/20 MP: 6/6
   390 | D:1      | Reached XP level 2. HP: 26/26 MP: 7/7
   394 | D:1      | Learned a level 2 spell: Song of Slaying
   397 | D:1      | Learned a level 2 spell: Shroud of Golubria
   945 | D:2      | Noticed Terence
   992 | D:2      | Killed Terence
   992 | D:2      | Reached skill level 5 in Spellcasting
   992 | D:2      | Reached skill level 1 in Invocations
   992 | D:2      | Reached XP level 3. HP: 9/31 MP: 7/9
  1014 | D:2      | Learned a level 3 spell: Regeneration
  1018 | D:2      | Learned a level 3 spell: Spectral Weapon
  1079 | D:2      | Found a white marble altar of Elyvilon.
  1109 | D:2      | Found a glowing silver altar of Zin.
  1172 | D:2      | Reached skill level 1 in Short Blades
  1172 | D:2      | Reached skill level 1 in Long Blades
  1172 | D:2      | Reached skill level 1 in Axes
  1172 | D:2      | Reached skill level 1 in Maces & Flails
  1172 | D:2      | Reached skill level 1 in Staves
  1172 | D:2      | Reached skill level 1 in Slings
  1172 | D:2      | Reached skill level 1 in Bows
  1172 | D:2      | Reached skill level 1 in Crossbows
  1172 | D:2      | Reached skill level 1 in Throwing
  1172 | D:2      | Reached skill level 1 in Stealth
  1172 | D:2      | Reached skill level 1 in Shields
  1172 | D:2      | Reached skill level 1 in Unarmed Combat
  1172 | D:2      | Reached skill level 1 in Evocations
  1172 | D:2      | Reached XP level 4. HP: 38/38 MP: 11/11
  1344 | D:3      | Found a shadowy altar of Dithmenos.
  1346 | D:3      | Found a radiant altar of Vehumet.
  1461 | D:3      | Reached skill level 1 in Conjurations
  1461 | D:3      | Reached skill level 1 in Hexes
  1461 | D:3      | Reached skill level 1 in Summonings
  1461 | D:3      | Reached skill level 1 in Necromancy
  1461 | D:3      | Reached skill level 1 in Translocations
  1461 | D:3      | Reached skill level 1 in Transmutations
  1461 | D:3      | Reached skill level 1 in Fire Magic
  1461 | D:3      | Reached skill level 1 in Ice Magic
  1461 | D:3      | Reached skill level 1 in Air Magic
  1461 | D:3      | Reached skill level 1 in Earth Magic
  1461 | D:3      | Reached skill level 1 in Poison Magic
  1626 | D:3      | Reached XP level 5. HP: 43/43 MP: 8/12
  1633 | D:3      | Found a sacrificial altar of Ru.
  1713 | D:3      | Found a deep blue altar of Sif Muna.
  1715 | D:3      | Found an ornate altar of the Wu Jian Council.
  1779 | D:3      | HP: 1/43 [orc (4)]
  1781 | D:3      | Slain by an orc

Vault maps used:
D:1:      mushboom_english_gardens
D:2:      old_standard_altar, first_ration, elyvilon_altar_4, uniq_terence
D:3:      hangedman_ru_absence, cheibrodos_ashenzari_chains,
          nicolae_overflow_hidden_temple

Skill      XL: |  1  2  3  4 |
---------------+-------------+-----
Spellcasting   | 5 |  5.2
Invocations    | 1 |  1.6
Short Blades   | 1 |  1.4
Long Blades    | 1 |  1.4
Axes           | 1 |  1.4
Maces & Flails | 1 |  1.4
Staves         | 1 |  1.4
Slings         | 1 |  1.4
Bows           | 1 |  1.4
Crossbows      | 1 |  1.4
Throwing       | 1 |  1.4
Stealth        | 1 |  1.4
Shields        | 1 |  1.4
Unarmed Combat | 1 |  1.4
Evocations     | 1 |  1.4
Conjurations   | 1 |  1.1
Hexes          | 1 |  1.1
Summonings     | 1 |  1.1
Necromancy     | 1 |  1.1
Translocations | 1 |  1.1
Transmutations | 1 |  1.1
Fire Magic     | 1 |  1.1
Ice Magic      | 1 |  1.1
Air Magic      | 1 |  1.1
Earth Magic    | 1 |  1.1
Poison Magic   | 1 |  1.1
Fighting       | |  4.7
Polearms       | |  4.7
Armour         | |  2.9
Dodging        | |  4.7
Charms         | |  5.5

Action                   |  1- 3 |  4- 6 || total
-------------------------+-------+-------++-------
Melee: Spear             |    95 |    75 ||   170
       Bite              |    12 |     9 ||    21
 Cast: Infusion          |     2 |     1 ||     3
       Shroud of Golubri |     2 |     3 ||     5
       Regeneration      |     2 |     1 ||     3
       Song of Slaying   |       |     2 ||     2
       Spectral Weapon   |       |     2 ||     2
 Stab: Sleeping          |     2 |     1 ||     3
  Eat: Chunk             |     1 |     3 ||     4
Armor: Leather armour    |     9 |    11 ||    20
Dodge: Dodged            |    64 |    55 ||   119

Table legend:
 A = Non-vault XP
 B = Vault XP
 C = Vault XP percentage of total XP
 D = Non-vault monster count
 E = Vault monster count
 F = Vault count percentage of total count
                 A         B        C        D         E       F
            +---------+---------+-------+---------+---------+-------
      Total |     178 |      36 |  16.8 |      46 |       1 |   2.1
            +---------+---------+-------+---------+---------+-------
        D:1 |      12 |       0 |   0.0 |       7 |       0 |   0.0
        D:2 |      41 |      36 |  46.8 |      15 |       1 |   6.2
        D:3 |     125 |       0 |   0.0 |      24 |       0 |   0.0
            +---------+---------+-------+---------+---------+-------
